 Dungeon Crawl Stone Soup version 0.31-a0-1074-g0b22e4e0f1 (webtiles) character file.

Game seed: 2700825984421514532

54099 whatisthis the Warrior (level 14, -5/124 HPs)
             Began as a Merfolk Ice Elementalist on Nov 30, 2023.
             Was a High Priest of Vehumet.
             Killed by the air
             ... invoked by Gastronok
              (31 damage)
             ... on level 9 of the Dungeon on Dec 1, 2023.
             The game lasted 02:01:55 (23059 turns).

whatisthis the Warrior (Merfolk Ice Elementalist)  Turns: 23059, Time: 02:01:56

Health: -5/124     AC: 17    Str:  8    XL:     14   Next: 71%
Magic:  15/27      EV: 14    Int: 18    God:    Vehumet [*****.]
Gold:   1184       SH:  4    Dex: 16    Spells: 13/31 levels left

rFire   . . .        I - +8 trident of the Octopus King {venom, rElec rPois}
rCold   + + .        v - +0 buckler
rNeg    . . .        t - +2 ring mail {rC+}
rPois   +            S - +2 helmet
rElec   +            (no cloak)
rCorr   .            (no gloves)
SInv    .            z - +2 pair of boots
Will    +....        M - amulet of the acrobat
Stlth   +            E - +4 ring of protection
HPRegen 0.40/turn    n - ring of protection from cold
MPRegen 0.20/turn

%: acrobat
@: about to teleport
A: (nimble swimmer 2), mertail
a: Renounce Religion


You were on level 9 of the Dungeon.
You worshipped Vehumet.
Vehumet was extremely pleased with you.
You visited 3 branches of the dungeon, and saw 18 of its levels.

You collected 1254 gold pieces.
You spent 70 gold pieces at shops.

Inventory:

Hand Weapons
 I - the +8 trident of the Octopus King (weapon) {venom, rElec rPois}
   (You found it on level 8 of the Dungeon)

   rElec:     It insulates you from electricity.
   rPois:     It protects you from poison
Missiles
 g - 128 stones (quivered)
 l - 26 poisoned darts
 m - 18 boomerangs
 o - a throwing net
 w - 4 curare-tipped darts
 P - 4 javelins
Armour
 t - a +2 ring mail of cold resistance (worn)
 v - a +0 buckler (worn)
 z - a +2 pair of boots (worn)
 R - a +2 robe of willpower
 S - a +2 helmet (worn)
Jewellery
 f - an amulet of reflection
 n - a ring of protection from cold (right hand)
 E - a +4 ring of protection (left hand)
 M - an amulet of the acrobat (around neck)
 Y - a ring of see invisible
Wands
 d - a wand of polymorph (7)
 O - a wand of flame (20)
 T - a wand of quicksilver (13)
 W - a wand of mindburst (2)
 X - a wand of roots (13)
Scrolls
 a - 2 scrolls of brand weapon {unknown}
 c - 2 scrolls of teleportation
 e - a scroll of poison {unknown}
 i - 2 scrolls of enchant weapon
 j - a scroll of blinking {unknown}
 k - a scroll of fog {unknown}
 q - 4 scrolls of revelation
 D - 2 scrolls of immolation {unknown}
 K - a scroll of acquirement {unknown}
 L - 4 scrolls of amnesia
 Q - 2 scrolls of silence {unknown}
 Z - 3 scrolls of fear {unknown}
Potions
 b - 3 potions of magic
 h - a potion of resistance {unknown}
 p - a potion of might {unknown}
 r - 5 potions of curing
 s - 3 potions of ambrosia
 u - a potion of mutation {unknown}
 x - a potion of haste {unknown}
 y - a potion of experience {unknown}
 A - 2 potions of enlightenment {unknown}
 B - a potion of invisibility
 H - a potion of berserk rage {unknown}
 J - 3 potions of brilliance {unknown}
 N - 2 potions of attraction {unknown}
 U - 2 potions of cancellation {unknown}
 V - 2 potions of lignification {unknown}


   Skills:
 + Level 15.9 Fighting
 - Level 14.0 Polearms
 - Level 12.0 Dodging
 - Level 2.1 Stealth
 + Level 9.4 Spellcasting
 + Level 5.8 Conjurations
 + Level 11.7 Ice Magic


You had 13 spell levels left.
You knew the following spells:

 Your Spells              Type           Power      Damage    Failure   Level
a - Freeze                Ice            100%       1d10      1%          1
b - Frozen Ramparts       Ice            100%       1d16      1%          3
c - Ozocubu's Armour      Ice            50%        N/A       1%          3
d - Freezing Cloud        Conj/Ice/Air   14%        6-21      28%         5
e - Bombard               Conj/Erth      9%         9d2       99%         6

Your spell library contained the following spells:

 Spells                   Type           Power      Damage    Failure   Level
 Magic Dart               Conj           100%       1d8       1%          1
 Searing Ray              Conj           58%        2d6       1%          2
 Foxfire                  Conj/Fire      76%        2x1d7     3%          1
 Mephitic Cloud           Conj/Pois/Air  15%        N/A       16%         3
 Poisonous Vapours        Pois/Air       16%        N/A       17%         2
 Ignite Poison            Fire/Tmut/Pois 8%         N/A       32%         3
 Fulminant Prism          Conj/Hex       9%         3d6       32%         4
 Summon Ice Beast         Ice/Summ       29%        N/A       36%         4
 Apportation              Tloc           16%        N/A       41%         1
 Cigotuvi's Dreadful Rot  Necr/Pois/Air  16%        N/A       54%         2
 Jinxbite                 Hex            16%        N/A       54%         2
 Lesser Beckoning         Tloc           16%        N/A       54%         2
 Olgreb's Toxic Radiance  Pois           8%         N/A       69%         4
 Gell's Gravitas          Tloc           8%         N/A       78%         3
 Teleport Other           Tloc           8%         N/A       78%         3
 Starburst                Conj/Fire      9%         6d5       99%         6
 Alistair's Intoxication  Tmut/Pois      5%         N/A       100%        5
 Borgnjor's Vile Clutch   Necr/Erth      4%         N/A       100%        5
 Eringya's Noxious Bog    Tmut/Pois      4%         4d6       100%        6
 Plasma Beam              Fire/Air       4%         2x1d14    100%        6
 Discord                  Hex            4%         N/A       100%        8
 Ignition                 Fire           4%         3d4       100%        8


Dungeon Overview and Level Annotations

Branches:
Dungeon (12/15)            Temple (1/1) D:5            Lair (5/5) D:11
  Swamp (0/4) Lair:3        Snake (0/4) Lair:2        Slime (0/5) Lair:5
    Orc (0/2) D:9

Altars:
Ashenzari
Cheibriados
Dithmenos
Elyvilon
Fedhas
Gozag
Hepliaklqana
Kikubaaqudgha
Makhleb
Nemelex Xobeh
Okawaru
Qazlal
Ru
Sif Muna
Trog
Uskayaw
Vehumet
Wu Jian
Xom
Yredelemnul
Zin
The Shining One
Jiyva

Shops:
D:5 *   D:8 (   D:9 [   D:11 ?

Annotations:
D:2 1 runed translucent door, Crazy Yiuf
D:3 3 runed translucent doors, Lobster4's ghost, weakling MfSh; SheepSpotted's ghost, amateur DrCj; bmb222's ghost, weakling DsDe
D:9 Gastronok
Lair:1 1 runed translucent door, javelincjr's ghost, journeyman OpSh


Innate Abilities, Weirdness & Mutations

((You are very nimble when in or above water. (Stealth+, EV+, Speed+++)))
Your lower body shifts to a powerful aquatic tail in water.


Message History

You hit Gastronok.
Gastronok looks as sick as possible!
Gastronok is heavily wounded.
The wall freezes the fire dragon but does no damage.
The fire dragon misses you. The fire dragon completely misses you.
The fire dragon barely misses you.
You hit Gastronok.
Gastronok looks as sick as possible!
Gastronok is heavily wounded.
You hit Gastronok.
Gastronok looks as sick as possible!
Gastronok is heavily wounded.
The wall freezes the cyan ugly thing!
The cyan ugly thing basks in your mutagenic energy and changes!
The fire dragon is frozen!
The wall freezes the fire dragon.
The fire dragon bites you!
The fire dragon claws you but does no damage.
The fire dragon barely misses you.
The wall freezes Gastronok!
You feel briefly sluggish.
You puncture Gastronok!
Gastronok looks as sick as possible!
Gastronok is severely wounded.
The fire dragon is frozen!
The wall freezes the fire dragon!
The fire dragon breathes flames at you. The blast of flame hits you!!!
* * * LOW HITPOINT WARNING * * *
The heat melts your icy armour.
As you read the scroll of teleportation, it crumbles to dust.
You feel strangely unstable.
Your icy armour evaporates.
The fire dragon is frozen!
The wall freezes the fire dragon!
The fire dragon breathes flames at you. The blast of flame hits you!!
* * * LOW HITPOINT WARNING * * *
Your magical contamination has completely faded away.
You feel much better.
The frozen ramparts melt away.
The white ugly thing claws you.
* * * LOW HITPOINT WARNING * * *
The white ugly thing freezes you! You resist.
* * * LOW HITPOINT WARNING * * *
Gastronok waves his eye-stalks in wide circles.
The air twists around and strikes you!!
You die...
Gastronok gurgles, "About time.
I'm starving!"

#.....#..####################).#.
#.....#........................#.
#.....#.....................)..#.
#.....#..####################..#.
#.....##.# .!○☼☼#.....#.....#..#.
#......'.#..☼§§§#.....#.....#..#.
####...#.#'###°○#..#..#..#..#..#.
...#...#.# #.w#..#..#.)#..#..#.
...###'#.# #.D@..#.....#.....#.
.........# #.u...#.....#.....#.
.........#######################.
.................................
#######.......[..................
......#.......########...........
......#.......#......#...........
......#.......#......#..).∩......
......#.......#......#...........


You could see Gastronok (extremely poisoned), a fire dragon (catching breath)
and a white ugly thing.

Vanquished Creatures
  Nessos (Lair:3)
  A deep elf annihilator (D:11)
  2 hydras
  2 boulder beetles
  6 death yaks (Lair:5)
  5 two-headed ogres
  Amaemon (Lair:2)
  A skyshark (Lair:5)
  A wolf spider (Lair:5)
  A deep elf pyromancer (D:9)
  A cyclops (D:9)
  A guardian serpent (Lair:4)
  10 black mambas
  An orange demon (Lair:2)
  4 elephants (Lair:5)
  An unseen horror (D:11)
  15 cane toads
  A torpor snail (Lair:5)
  2 kobold demonologists (D:11)
  3 rime drakes
  6 komodo dragons
  3 polar bears
  3 hornets
  45 blink frogs
  A vampire (D:9)
  A wraith (D:9)
  44 yaks
  15 wyverns
  2 basilisks
  3 redbacks
  A steam dragon (D:7)
  4 vampire mosquitoes (D:11)
  31 water moccasins
  An ice beast (D:5)
  2 orc warriors (D:9)
  A sky beast (D:7)
  3 ogres
  4 black bears
  8 wolves
  3 centaurs
  2 phantoms
  A kobold brigand (D:9)
  12 bullfrogs
  3 gnoll sergeants
  3 scorpions
  11 wights
  9 killer bees (D:9)
  3 electric eels
  6 howler monkeys
  A centaur zombie (D:3)
  6 orc priests
  7 jellies
  4 hounds
  4 gnoll boudas
  An iguana (D:5)
  A sleepcap (D:6)
  10 orc wizards
  5 hell rats (Lair:5)
  30 gnolls
  13 adders
  A shadow imp (D:6)
  3 white imps
  2 adder zombies (D:3)
  2 worms
  3 dart slugs
  42 orcs
  5 ball pythons
  6 bats
  13 endoplasms
  4 giant cockroaches
  3 goblins
  7 hobgoblins
  4 jackals
  12 kobolds
  3 frilled lizards
  7 rats
490 creatures vanquished.

Vanquished Creatures (others)
  An orc wizard (D:7)
1 creature vanquished.

Grand Total: 491 creatures vanquished

Notes
Turn   | Place    | Note
-------+----------+-------------------------------------------
     0 | D:1      | whatisthis the Merfolk Ice Elementalist began the quest for
                  | the Orb.
     0 | D:1      | Reached XP level 1. HP: 13/13 MP: 3/3
   162 | D:1      | Reached XP level 2. HP: 20/20 MP: 3/5
   203 | D:1      | Reached skill level 1 in Fighting
   724 | D:2      | Reached XP level 3. HP: 25/26 MP: 4/6
   927 | D:2      | Reached skill level 2 in Fighting
  1159 | D:2      | Reached XP level 4. HP: 33/33 MP: 6/8
  1163 | D:2      | Reached skill level 5 in Ice Magic
  1175 | D:2      | Learned a level 3 spell: Frozen Ramparts
  1179 | D:2      | Learned a level 3 spell: Ozocubu's Armour
  1216 | D:2      | Found a runed translucent door.
  1217 | D:2      | Noticed Crazy Yiuf
  1626 | D:3      | Found an opulent altar of Gozag.
  1629 | D:3      | Found an opulent altar of Gozag.
  1629 | D:3      | Found an opulent altar of Gozag.
  1737 | D:2      | Reached XP level 5. HP: 36/39 MP: 6/9
  1826 | D:3      | Found an opulent altar of Gozag.
  2079 | D:3      | Reached skill level 3 in Fighting
  2142 | D:3      | Found a basalt altar of Yredelemnul.
  2398 | D:3      | Reached XP level 6. HP: 47/47 MP: 7/11
  2554 | D:3      | Found a glowing silver altar of Zin.
  2720 | D:3      | Found a runed translucent gate.
  2720 | D:3      | Found a runed translucent gate.
  2720 | D:3      | Found a runed translucent gate.
  2728 | D:3      | Noticed bmb222's ghost (weakling DsDe)
  2728 | D:3      | Noticed Lobster4's ghost (weakling MfSh)
  2728 | D:3      | Noticed SheepSpotted's ghost (amateur DrCj)
  3317 | D:4      | Reached skill level 4 in Fighting
  3694 | D:4      | Reached XP level 7. HP: 32/55 MP: 2/13
  4258 | D:5      | Entered Level 5 of the Dungeon
  4258 | D:5      | Found Xum Kiet's Assorted Antiques.
  4765 | D:5      | Identified the +6 dagger "Inaotaca" {drain, Fragile rC+
                  | rCorr Stlth+}
  4912 | D:5      | Reached skill level 5 in Fighting
  5094 | D:5      | Found a staircase to the Ecumenical Temple.
  5103 | Temple   | Entered the Ecumenical Temple
  5486 | D:5      | Reached XP level 8. HP: 60/62 MP: 11/15
  5840 | D:6      | Reached skill level 5 in Spellcasting
  6334 | D:6      | Reached skill level 6 in Fighting
  6903 | D:6      | Found a broken altar of Ashenzari.
  7550 | D:7      | Found a stormy altar of Qazlal.
  7849 | D:7      | Reached skill level 7 in Fighting
  7849 | D:7      | Reached XP level 9. HP: 61/72 MP: 16/18
  7888 | D:7      | Found a blossoming altar of Fedhas.
  8389 | D:7      | Found a hazy altar of Hepliaklqana.
  8711 | D:7      | Reached skill level 1 in Polearms
  8903 | D:7      | Found a sacrificial altar of Ru.
  8904 | D:7      | Found an iron altar of Okawaru.
  9047 | D:7      | Reached skill level 8 in Fighting
  9320 | D:8      | Found the +8 trident of the Octopus King {venom, rElec
                  | rPois}
  9395 | D:8      | Found a radiant altar of Vehumet.
  9411 | D:8      | Became a worshipper of Vehumet
  9513 | D:8      | Found Nuadghua's Weapon Shoppe.
  9554 | D:8      | Reached skill level 5 in Dodging
  9812 | D:8      | Found an ancient bone altar of Kikubaaqudgha.
 10018 | D:8      | Found a white marble altar of Elyvilon.
 10019 | D:8      | Found a shimmering altar of Xom.
 10340 | D:9      | Reached XP level 10. HP: 82/82 MP: 13/19
 10350 | D:9      | Reached skill level 5 in Polearms
 10414 | D:9      | Found a staircase to the Orcish Mines.
 10430 | D:9      | Found Fasaipn's Armour Emporium.
 10438 | D:9      | Reached skill level 9 in Fighting
 10521 | D:9      | Found an ornate altar of the Wu Jian Council.
 10608 | D:9      | Reached * piety under Vehumet
 10608 | D:9      | Offered knowledge of Kiss of Death by Vehumet.
 10731 | D:9      | Noticed Gastronok
 10953 | D:9      | Identified the +7 long sword of the Boiling Point {freeze,
                  | Str+3 Stlth+}
 11049 | D:9      | Noticed a deep elf pyromancer
 11060 | D:9      | Killed a deep elf pyromancer
 11136 | D:9      | Noticed a two-headed ogre
 11487 | D:10     | Entered Level 10 of the Dungeon
 11538 | D:10     | Noticed a two-headed ogre
 11553 | D:10     | Killed a two-headed ogre
 11717 | D:9      | Reached skill level 10 in Fighting
 11986 | D:10     | Noticed a gargoyle
 12110 | D:9      | Noticed a cyclops
 12523 | D:11     | Noticed a kobold demonologist
 12533 | D:11     | Killed a kobold demonologist
 12534 | D:11     | Reached XP level 11. HP: 92/92 MP: 17/20
 12603 | D:11     | Reached ** piety under Vehumet
 12651 | D:11     | Found Ruimoth's Magic Scroll Shop.
 12660 | D:11     | Bought a scroll of identify for 28 gold pieces
 12660 | D:11     | Bought a scroll of teleportation for 42 gold pieces
 12700 | D:11     | Noticed a boulder beetle
 12718 | D:11     | Killed a boulder beetle
 12752 | D:11     | Found a staircase to the Lair.
 12768 | D:11     | Offered knowledge of Static Discharge by Vehumet.
 12972 | D:11     | Noticed a soul eater
 12997 | D:11     | Reached skill level 11 in Fighting
 13256 | D:11     | Noticed a deep elf annihilator
 13329 | D:10     | Found a bloodstained altar of Trog.
 13539 | Lair:1   | Entered Level 1 of the Lair of Beasts
 13610 | Lair:1   | Reached skill level 10 in Dodging
 13802 | Lair:1   | Reached skill level 10 in Polearms
 14102 | D:11     | You fall into a shaft and drop 1 floor!
 14440 | D:11     | Killed a deep elf annihilator
 14525 | Lair:1   | Identified the +0 falchion "Ene Faaja" {heavy, rF+ rN+}
 14627 | Lair:1   | Reached skill level 12 in Fighting
 14652 | Lair:1   | Found a runed translucent door.
 14653 | Lair:1   | Found a shimmering altar of Xom.
 14653 | Lair:1   | Noticed javelincjr's ghost (journeyman OpSh)
 14654 | Lair:1   | Noticed a +2 broad axe of chaos
 14687 | Lair:1   | Reached XP level 12. HP: 102/102 MP: 15/21
 14802 | Lair:1   | Offered knowledge of Dazzling Flash by Vehumet.
 15171 | Lair:1   | Reached *** piety under Vehumet
 15546 | Lair:1   | Learned a level 5 spell: Freezing Cloud
 15706 | Lair:2   | Offered knowledge of Airstrike by Vehumet.
 15707 | Lair:2   | Reached skill level 13 in Fighting
 16035 | Lair:2   | Found a staircase to the Snake Pit.
 16112 | Lair:2   | Noticed Amaemon
 16135 | Lair:2   | Killed Amaemon
 16592 | Lair:3   | Noticed a seven-headed hydra
 16799 | Lair:3   | Reached **** piety under Vehumet
 16837 | Lair:3   | Noticed Nessos
 16976 | Lair:3   | Killed a seven-headed hydra
 17146 | Lair:3   | Reached skill level 14 in Fighting
 17180 | Lair:3   | Offered knowledge of Volatile Blastmotes by Vehumet.
 17181 | Lair:3   | Reached XP level 13. HP: 109/113 MP: 16/22
 17336 | Lair:3   | Reached skill level 1 in Conjurations
 17397 | Lair:3   | Found a staircase to the Swamp.
 17942 | Lair:3   | Killed Nessos
 18824 | Lair:4   | Identified the +0 leather armour of Calculation {*Slow rC+
                  | Slay+3}
 19375 | Lair:5   | Entered Level 5 of the Lair of Beasts
 19814 | Lair:4   | Reached ***** piety under Vehumet
 19927 | Lair:4   | Offered knowledge of Bombard by Vehumet.
 20003 | Lair:4   | Learned a level 6 spell: Bombard
 20036 | Lair:5   | Reached skill level 10 in Ice Magic
 20352 | Lair:5   | Reached skill level 15 in Fighting
 20791 | Lair:5   | Reached XP level 14. HP: 123/123 MP: 22/26
 21583 | Lair:5   | Reached skill level 5 in Conjurations
 21608 | Lair:5   | Found a staircase to the Slime Pits.
 21609 | Lair:5   | Found a viscous altar of Jiyva.
 23059 | D:9      | Killed from afar by Gastronok

Illustrated notes

Levels and vault maps discovered:
D:1:      minmay_arrival_loop, layout_basic
D:2:      layout_basic, uniq_crazy_yiuf_cottage
D:3:      layout_loops_ring, zin_treasury, nicolae_yredelemnul_corpse_copse,
          nicolae_gozag_conspicuous_consumption, gammafunk_ghost_cemetery
D:4:      layout_gridville
D:5:      layout_basic, minmay_temple_entry_slanted, serial_shops,
          nicolae_shop_hallway_stairs
D:6:      layout_basic, nicolae_ashenzari_skybound,
          eino_small_chamber_without_monster
D:7:      layout_basic, general_overflow_altar, nicolae_overflow_hidden_temple,
          mainiacjoe_overflow_cross_hatched
D:8:      layout_cave_pools, mainiacjoe_overflow_six_doors_small,
          amcnicky_altar_gilded, gammafunk_temple_overflow_statue, serial_shops,
          shop, nicolae_lava_and_water, chequers_serial_rivers_marsh,
          hangedman_glass_teeth
D:9:      kennysheep_windowed_halls, layout_irregular_city,
          nzn_wu_jian_council_hall, orc_david_3, uniq_gastronok
D:10:     layout_cave_pools, pf_just_have_faith, serial_column_ruins,
          column_ruins_columns_straight, column_ruins_open_medium,
          column_ruins_columns_straight, column_ruins_grid_4,
          column_ruins_open_large
D:11:     layout_roguey, due_lair_maze_entry_diamond, serial_shops,
          nicolae_lakefront_shop, kennysheep_just_a_vault
D:12:     layout_basic, serial_shops, nicolae_shop_trees,
          ebering_ghost_rock_garden, kennysheep_minor_cross
Temple:   nicolae_temple_ecumenical_triangle
Lair:1:   layout_regular_city, ebering_ghost_xom
Lair:2:   layout_loops_ring, minmay_snake_entry_six_corridors,
          serial_bayou_shore_b, uniq_amaemon
Lair:3:   layout_misc_corridors, swamp_mist_pool, lemuel_fruit_tree,
          grunt_megastairs_1, serial_bayou_shore_b, serial_bayou_shore_b,
          uniq_nessos
Lair:4:   layout_cave_shapes, infiniplex_staircase_pool_2, wad_woods_river_01
Lair:5:   hangedman_lair_tendril_chambers, layout_cave_pods,
          nicolae_slime_entry_slimehenge, lemuel_fruit_fields

Skill      XL: |  1  2  3  4  5  6  7  8  9 10 11 12 13 14 |
---------------+-------------------------------------------+-----
Fighting       | 1 2 3 4 5 7 8 10 12 14 15 | 15.9
Ice Magic      | 5 6 7 8 10 11 | 11.7
Spellcasting   | 3 4 6 8 9 |  9.4
Polearms       | 4 8 11 14 | 14.0
Dodging        | 5 8 11 12 | 12.0
Conjurations   | 4 5 |  5.8
Stealth        | |  2.1

Action                     |  1- 3 |  4- 6 |  7- 9 | 10-12 | 13-15 || total
---------------------------+-------+-------+-------+-------+-------++-------
  Melee: Unarmed           |     3 |       |       |       |       ||     3
         Short sword       |    40 |    26 |    66 |       |       ||   132
         Punch             |     2 |     3 |     7 |     5 |     6 ||    23
         Spear             |       |   168 |   171 |       |       ||   339
         Trident           |       |       |    51 |   451 |   514 ||  1016
         Tailslap          |       |       |       |     1 |     3 ||     4
  Throw: Stone             |       |       |     5 |     9 |     2 ||    16
         Dart              |       |       |       |    16 |     3 ||    19
   Cast: Freeze            |    33 |    22 |    17 |     7 |    11 ||    90
         Frozen Ramparts   |       |    27 |    53 |    84 |    80 ||   244
         Ozocubu's Armour  |       |     9 |    31 |    51 |    36 ||   127
         Freezing Cloud    |       |       |       |       |    24 ||    24
  Evoke: Wand              |       |       |     2 |       |     9 ||    11
    Use: Scroll            |       |       |     9 |     8 |     3 ||    20
         Potion            |       |       |     2 |     2 |     1 ||     5
   Stab: Sleeping          |     4 |     3 |     4 |     1 |     1 ||    13
         Distracted        |       |     1 |       |       |       ||     1
 Armour: Robe              |    28 |   118 |   205 |   171 |       ||   522
         Ring mail         |       |       |       |    55 |   195 ||   250
  Dodge: Dodged            |    27 |    98 |   166 |   346 |   192 ||   829
  Block: Other             |       |       |       |       |    11 ||    11
         Buckler           |       |       |       |       |     1 ||     1

Table legend: (Time is in decaauts)
 A = Elapsed time spent in this place.
 B = Non-inter-level travel time spent in this place.
 C = Inter-level travel time spent in this place.
 D = Time resting spent in this place.
 E = Time spent auto-exploring this place.
 F = Levels seen in this place.
 G = Mean time per level.
                   A        B        C        D        E       F      G
               +--------+--------+--------+--------+--------+-----+--------+
         Total |  22770 |  21649 |   1121 |   5900 |   7458 |  18 | 1265.0 |
       Dungeon |  14797 |  13999 |    798 |   3563 |   5529 |  12 | 1233.1 |
        Temple |      3 |      3 |      0 |      0 |      0 |   1 |    3.0 |
          Lair |   7969 |   7647 |    322 |   2336 |   1929 |   5 | 1593.8 |
               +--------+--------+--------+--------+--------+-----+--------+

Top non-repeatable levels by time:
  Lair:5: 2138 daAuts
     D:9: 2137 daAuts
  Lair:4: 1863 daAuts
     D:5: 1770 daAuts
     D:7: 1718 daAuts
     D:6: 1494 daAuts
    D:11: 1472 daAuts
  Lair:1: 1402 daAuts
     D:4: 1352 daAuts
     D:8: 1305 daAuts
  Lair:3: 1286 daAuts
  Lair:2: 1279 daAuts
     D:3: 1247 daAuts
     D:2: 1011 daAuts
     D:1: 661 daAuts
